 Dungeon Crawl Stone Soup version 0.26-a0-667-g92642533e4 (webtiles) character file.

Game seed: 3773085025452203680

177462 Peloso the Tortoise (level 17, -5/161 HPs)
             Began as a Minotaur Fighter on Oct 16, 2020.
             Was the Champion of Okawaru.
             Killed from afar by Nikola (18 damage)
             ... with a chain lightning
             ... on level 2 of the Spider Nest.
             The game lasted 01:50:21 (39945 turns).

Peloso the Tortoise (Minotaur Fighter)             Turns: 39945, Time: 01:50:22

Health: -5/161     AC: 33    Str: 37    XL:     17   Next: 54%
Magic:  16/18      EV: 17    Int: 11    God:    Okawaru [******]
Gold:   1537       SH: 13    Dex: 14    Spells: 16/16 levels left

rFire    . . .     SeeInvis +   a - +7 double sword (elec)
rCold    + + .     Faith    .   c - +4 buckler of Understanding {Str+4 Int+2}
rNeg     + . .     Spirit   .   M - +3 plate armour {rPois}
rPois    +         Reflect  .   G - +0 mask of the Dragon {MR+ Slay+3 SInv}
rElec    .         Harm     .   l - +0 cloak of Cyp Goag {+Inv rC+ Int+4}
rCorr    .         Rampage  .   D - +2 pair of gloves {Dex+3}
MR       ++...                  q - +2 pair of boots {Fly}
Stlth    ..........             (no amulet)
HPRegen  0.36/turn              V - +6 ring of strength
MPRegen  0.16/turn              R - ring "Hetis" {rPois rC+ rN+ Slay+6 Stlth+}

@: heroism, flying
A: retaliatory headbutt, horns 2
a: Heroism, Finesse, Renounce Religion, Evoke Invisibility, Stop Flying


You were on level 2 of the Spider Nest.
You worshipped Okawaru.
Okawaru was exalted by your worship.
You visited 6 branches of the dungeon, and saw 28 of its levels.
You also visited: Bailey and Gauntlet.

You collected 3312 gold pieces.
You spent 1775 gold pieces at shops.

Inventory:

Hand Weapons
 a - a +7 double sword of electrocution (weapon)
 b - a +3 scimitar of flaming
Armour
 c - the +4 buckler of Understanding (worn) {Str+4 Int+2}
   (You found it in a Gauntlet)

   It affects your strength (+4).
   It affects your intelligence (+2).
 l - the +0 cloak of Cyp Goag (worn) {+Inv rC+ Int+4}
   (Okawaru gifted it to you on level 6 of the Lair of Beasts)

   It affects your intelligence (+4).
   It protects you from cold.
   It lets you turn invisible.
 o - a +1 chain mail of cold resistance
 q - a +2 pair of boots of flying (worn)
 s - a +4 chain mail of fire resistance
 D - a +2 pair of gloves of dexterity (worn)
 G - the +0 mask of the Dragon (worn) {MR+ Slay+3 SInv}
   (You found it on level 7 of the Dungeon)

   It affects your accuracy and damage with ranged weapons and melee attacks
   (+3).
   It affects your resistance to hostile enchantments.
   It lets you see invisible.
 K - +0 pearl dragon scales
 L - a scarf of shadows
 M - a +3 plate armour of poison resistance (worn)
 Z - a +2 chain mail of magic resistance
Jewellery
 w - an uncursed ring of protection from magic
 E - an uncursed ring of wizardry
 R - the ring "Hetis" (right hand) {rPois rC+ rN+ Slay+6 Stlth+}
   (You bought it in a shop on level 5 of the Dungeon)

   [ring of positive energy]

   It affects your accuracy and damage with ranged weapons and melee attacks
   (+6).
   It protects you from cold.
   It protects you from poison.
   It protects you from negative energy.
   It makes you more stealthy.
 V - a +6 ring of strength (left hand)
 W - an uncursed ring of resist corrosion
Wands
 f - a wand of paralysis (15)
 t - a wand of acid (13)
 y - a wand of enslavement (23)
 H - a wand of disintegration (19)
 I - a wand of random effects (10)
 O - a wand of digging (3)
Scrolls
 h - a scroll of enchant armour
 i - a scroll of holy word
 j - a scroll of amnesia
 k - 3 scrolls of blinking
 m - 10 scrolls of teleportation
 n - 16 scrolls of remove curse
 r - 10 scrolls of identify
 u - 2 scrolls of immolation
 v - 2 scrolls of magic mapping
 x - 3 scrolls of fear
 A - a scroll of enchant weapon
Potions
 d - 5 potions of might
 e - 2 potions of resistance
 g - 8 potions of curing
 p - 9 potions of stabbing
 z - 2 potions of magic
 B - 3 potions of mutation
 C - a potion of cancellation
 F - 4 potions of haste
 J - 2 potions of brilliance
 X - 2 potions of heal wounds


   Skills:
 + Level 17.2(22.2) Fighting
   Level 11.7(20.0) Short Blades
 + Level 16.7(23.1) Long Blades
 + Level 17.8(22.8) Armour
 + Level 7.6(12.6) Dodging
 + Level 3.0(8.0) Stealth
 + Level 16.5(21.5) Shields
 + Level 3.0 Invocations
 + Level 1.4 Evocations


You had 16 spell levels left.
You didn't know any spells.
Your spell library contained the following spells:

 Spells                   Type           Power        Failure   Level
 Animate Skeleton         Necr           #.....       69%         1
 Apportation              Tloc           #.....       69%         1
 Beastly Appendage        Tmut           #.....       69%         1
 Corona                   Hex            #......      69%         1
 Foxfire                  Conj/Fire      #...         69%         1
 Freeze                   Ice            #...         69%         1
 Sting                    Tmut/Pois      #...         69%         1
 Summon Small Mammal      Summ           #...         69%         1
 Blink                    Tloc           N/A          83%         2
 Ensorcelled Hibernation  Hex/Ice        #.....       83%         2
 Poisonous Vapours        Pois/Air       #.....       83%         2
 Wereblood                Tmut           #.......     83%         2
 Confusing Touch          Hex            #.......     96%         3
 Conjure Flame            Conj/Fire      #.......     96%         3
 Frozen Ramparts          Ice            #.....       96%         3
 Gell's Gravitas          Tloc           #.........   96%         3
 Ignite Poison            Fire/Tmut/Pois #.......     96%         3
 Inner Flame              Hex/Fire       #.......     96%         3
 Lesser Beckoning         Tloc           #.........   96%         3
 Mephitic Cloud           Conj/Pois/Air  #.......     96%         3
 Ozocubu's Armour         Ice            #.......     96%         3
 Spider Form              Tmut/Pois      #.........   96%         3
 Teleport Other           Tloc           #.......     96%         3
 Hailstorm                Conj/Ice       #.......     100%        4
 Ice Form                 Ice/Tmut       #.......     100%        4
 Olgreb's Toxic Radiance  Pois           #.......     100%        4
 Passage of Golubria      Tloc           N/A          100%        4
 Petrify                  Tmut/Erth      #.......     100%        4
 Sticky Flame             Conj/Fire      #.......     100%        4
 Summon Ice Beast         Ice/Summ       #.......     100%        4
 Blade Hands              Tmut           #.........   100%        5
 Bolt of Magma            Conj/Fire/Erth #.........   100%        5
 Borgnjor's Vile Clutch   Necr/Erth      #.........   100%        5
 Fireball                 Conj/Fire      #.........   100%        5
 Irradiate                Conj/Tmut      #.........   100%        5
 Metabolic Englaciation   Hex/Ice        #.........   100%        5
 Silence                  Hex/Air        #.........   100%        5
 Yara's Violent Unravell  Hex/Tmut       #.........   100%        5
 Shadow Creatures         Summ           N/A          100%        6
 Starburst                Conj/Fire      #.........   100%        6
 Statue Form              Tmut/Erth      #........    100%        6


Dungeon Overview and Level Annotations

Branches:
Dungeon (15/15)            Temple (1/1) D:7            Lair (6/6) D:9
 Shoals (2/4) Lair:3       Spider (2/4) Lair:4        Slime (0/5) Lair:5
    Orc (2/2) D:10            Elf (0/3) Orc:2        Vaults (0/5) D:13
 Depths (0/5) D:15         Bailey (visited)         Gauntlet (visited)

Altars:
Ashenzari
Cheibriados
Dithmenos
Fedhas
Gozag
Hepliaklqana
Kikubaaqudgha
Makhleb
Nemelex Xobeh
Okawaru
Qazlal
Sif Muna
Trog
Uskayaw
Vehumet
Wu Jian
Yredelemnul
Zin
The Shining One
Beogh
Jiyva

Shops:
D:4 *   D:5 =   D:8 (   D:11 [   Orc:2 [:(*   Shoals:2 :!

Annotations:
D:9 Casa
Spider:2 Nikola


Innate Abilities, Weirdness & Mutations

You reflexively headbutt those who attack you in melee.
You have a pair of horns on your head.


Message History

You gain the combat prowess of a mighty hero.
Nikola casts a spell.
Nikola blinks!
Nikola casts a spell at you. The bolt of lightning hits you!!!
* * * LOW HITPOINT WARNING * * *
The bolt of lightning misses you.
Found 18 stones.
Unknown command.
You feel much better.
Nikola gestures wildly while chanting.
You hear a mighty clap of thunder!
The lightning arc hits you!
* * * LOW HITPOINT WARNING * * *
The lightning arc hits Nikola.
The lightning arc hits you!
* * * LOW HITPOINT WARNING * * *
The lightning arc hits Nikola!
The lightning arc hits you!
* * * LOW HITPOINT WARNING * * *
The lightning arc hits Nikola.
The lightning arc hits you!!
You die...

######## #.^....##
#......# ..
######...@..### ...
#...##...@..^.#
...##....#.....#(.# #
#......^...^..# # ####
#^........##..#
...###..........#..>.#
...#.........####^...#
...#.................#
.................#...#
.................#...#


You could see Nikola.

Vanquished Creatures
  Gastronok (Lair:1)
  The ghost of lis82 the Cloud Mage, an adept DgAE (Orc:1)
  Louise (Spider:2)
  Aizul (Shoals:1)
  A ghost moth (Spider:1)
  2 orc warlords (Orc:2)
  6 emperor scorpions (Spider:2)
  The ghost of MrRokkomies the Protected, a journeyman GnWn of Makhleb (Orc:2)
  2 entropy weavers (Spider:2)
  A minotaur (Gauntlet)
  Azrael (D:12)
  2 merfolk javelineers (Shoals:2)
  A fire dragon (D:13)
  A merfolk impaler (Shoals:1)
  3 boulder beetles
  The ghost of Ikkaipock the Nimble, a journeyman KoVM of Cheibriados (D:11)
  8 hydras
  3 catoblepae (Lair:6)
  2 centaur warriors
  A merfolk aquamancer (Shoals:1)
  12 two-headed ogres
  A death knight (D:13)
  2 death scarabs (Gauntlet)
  2 merfolk avatars (Shoals:1)
  A satyr (Shoals:2)
  12 death yaks
  3 orc high priests
  A spectral catoblepas (Gauntlet)
  5 skeletal warriors (D:15)
  6 sea snakes
  A flayed ghost (D:15)
  An unseen horror (D:15)
  A spectral hydra (Gauntlet)
  An obsidian statue (D:14)
  A phantasmal warrior (D:13)
  6 orc knights
  A necromancer (D:15)
  7 harpies (Shoals:2)
  An oklob plant (Lair:6)
  18 wolf spiders
  14 ugly things
  4 cyclopes
  4 slime creatures (D:15)
  2 fauns (Shoals:2)
  6 orb spiders
  6 orc sorcerers (Orc:2)
  5 manticores
  2 fire giant zombies (D:15)
  A moth of wrath (D:11)
  2 merfolk sirens
  17 elephants
  2 water nymphs
  6 black mambas
  A gargoyle (D:12)
  An ice statue (Lair:5)
  18 cane toads
  2 yaktaur zombies (D:15)
  A rime drake (Lair:6)
  4 centaur skeletons
  3 freezing wraiths
  2 kobold demonologists
  An efreet (D:13)
  3 demonic crawlers
  9 komodo dragons
  A harpy zombie (D:14)
  14 trolls
  3 meliai (Spider:2)
  11 merfolk
  18 jumping spiders
  A wolf spider simulacrum (D:15)
  4 polar bears
  3 hornets (Gauntlet)
  A queen bee (D:11)
  28 blink frogs
  4 wind drakes (Shoals:1)
  A stone giant simulacrum (Orc:1)
  4 snapping turtles
  2 dream sheep (Shoals:1)
  A meliai zombie (D:13)
  3 flying skulls (Gauntlet)
  A spectral black mamba (Gauntlet)
  A centaur simulacrum (D:13)
  31 redbacks
  5 wraiths
  2 shadows (D:15)
  A hog (shapeshifter) (D:13)
  9 wyverns
  4 water elementals (Shoals:1)
  14 tarantellas
  A vampire (D:13)
  57 yaks
  6 basilisks
  7 fire elementals (D:12)
  A vampire mosquito (D:10)
  10 wargs (Orc:2)
  Edmund (D:5)
  A soldier ant (shapeshifter) (D:13)
  2 soldier ants
  2 acid dragons
  15 water moccasins
  3 hell hounds
  47 orc warriors
  4 sky beasts
  A hornet zombie (D:9)
  11 ice beasts
  A black bear (shapeshifter) (D:13)
  A black bear (D:8)
  A necrophage (D:9)
  4 phantoms
  A spectral torpor snail (Gauntlet)
  12 wolves
  An eye of draining (D:15)
  18 ogres
  22 centaurs
  A big kobold (D:10)
  15 bullfrogs
  2 gnoll sergeants
  A water moccasin zombie (D:7)
  A spectral warg (Orc:1)
  A wyvern skeleton (D:11)
  A water moccasin skeleton (D:6)
  32 scorpions
  36 killer bees
  8 wights
  3 vampire bats (D:7)
  6 electric eels
  A bullfrog zombie (D:5)
  7 hounds
  3 centaur zombies
  23 orc priests
  A bullfrog skeleton (D:12)
  4 jellies
  20 orc wizards
  3 iguanas
  A warg simulacrum (Orc:1)
  11 worker ants
  A spectral orc (Orc:1)
  A hound zombie (D:7)
  A hound skeleton (D:9)
  A howler monkey zombie (D:5)
  3 worker ant zombies
  15 adders
  25 gnolls
  2 shadow imps
  7 white imps
  3 ufetubi
  3 oozes
  3 adder zombies
  2 adder skeletons
  2 worms
  2 dart slugs (D:2)
  4 leopard geckos
  97 orcs
  An orc simulacrum (Orc:1)
  6 giant cockroaches
  22 goblins
  14 hobgoblins
  14 jackals
  2 quokkas
  4 ball pythons
  11 bats
  5 frilled lizards (D:1)
  2 jackal skeletons
  5 kobolds
  A leopard gecko skeleton (D:6)
  2 quokka zombies
  9 rats
  A bush (Lair:6)
1088 creatures vanquished.

Vanquished Creatures (others)
  A spectral orc (Orc:1)
  A tarantella (Spider:2)
  An orc wizard (D:13)
  An orc simulacrum (Orc:1)
  4 ball lightnings (Orc:1)
  12 demonic plants (Gauntlet)
  60 fungi
  49 plants
  5 withered plants
134 creatures vanquished.

Grand Total: 1222 creatures vanquished

Notes
Turn   | Place    | Note
-------+----------+-------------------------------------------
     0 | D:1      | Peloso the Minotaur Fighter began the quest for the Orb.
     0 | D:1      | Reached XP level 1. HP: 19/19 MP: 0/0
   421 | D:1      | Reached XP level 2. HP: 25/27 MP: 1/1
   443 | D:1      | You fall into a shaft and drop 1 floor!
   505 | D:2      | Reached XP level 3. HP: 17/33 MP: 2/2
  1038 | D:2      | Found a bloodstained altar of Trog.
  1072 | D:2      | Reached XP level 4. HP: 31/40 MP: 3/3
  2222 | D:3      | Reached XP level 5. HP: 46/46 MP: 4/4
  2770 | D:4      | Found Syamy's Assorted Antiques.
  2774 | D:4      | Bought a lumpy sapphire potion for 24 gold pieces
  2774 | D:4      | Bought a scroll labeled YDEER UGOV for 27 gold pieces
  2774 | D:4      | Bought a scroll labeled AMISTR HIERIU for 27 gold pieces
  2774 | D:4      | Bought a scroll labeled MOKKEH QAKIKI for 27 gold pieces
  2996 | D:4      | Reached skill level 5 in Long Blades
  3083 | D:4      | Got a faintly glowing quarterstaff
  3089 | D:4      | Identified the cursed +1 quarterstaff "Ceing" {speed, rC+
                  | Int+4 Dex+7} (You found it on level 4 of the Dungeon)
  3360 | D:4      | Reached skill level 5 in Shields
  3360 | D:4      | Reached XP level 6. HP: 53/53 MP: 5/5
  3588 | D:4      | Got a jewelled dagger
  3589 | D:4      | Identified the cursed +1 dagger "Gumorom" {flame, rElec}
                  | (You found it on level 4 of the Dungeon)
  3613 | D:5      | Entered Level 5 of the Dungeon
  3956 | D:5      | Reached skill level 5 in Armour
  4080 | D:5      | Reached XP level 7. HP: 60/60 MP: 6/6
  4189 | D:5      | Found Wouf Cikli's Jewellery Shoppe.
  4338 | D:5      | Reached skill level 1 in Dodging
  4446 | D:5      | Noticed Edmund
  4478 | D:5      | Killed Edmund
  4798 | D:6      | Reached skill level 1 in Short Blades
  4815 | D:6      | Reached skill level 5 in Fighting
  5066 | D:6      | Reached XP level 8. HP: 68/68 MP: 7/7
  5076 | D:6      | Reached skill level 1 in Stealth
  5671 | D:6      | Found a shimmering blue altar of Sif Muna.
  6755 | D:7      | Reached XP level 9. HP: 75/78 MP: 8/8
  6858 | D:7      | Found the +0 mask of the Dragon {MR+ Slay+3 SInv}
  6933 | D:7      | Found a staircase to the Ecumenical Temple.
  6948 | Temple   | Entered the Ecumenical Temple
  6982 | Temple   | Became a worshipper of Warmaster Okawaru
  7535 | D:8      | Found Bastymn's Weapon Emporium.
  7723 | D:7      | Reached skill level 5 in Short Blades
  7827 | D:8      | You fall into a shaft and drop 3 floors!
  7827 | D:11     | Noticed a troll
  7852 | D:11     | Killed a troll
  7852 | D:11     | Reached * piety under Okawaru
  7852 | D:11     | Reached skill level 10 in Armour
  7929 | D:11     | Noticed a troll
  7952 | D:11     | Killed a troll
  8104 | D:11     | Reached ** piety under Okawaru
  8174 | D:11     | Found a transporter.
  8175 | D:11     | Noticed a moth of wrath
  8176 | D:11     | Noticed Ikkaipock's ghost (journeyman KoVM)
  8176 | D:11     | Noticed a komodo dragon
  8247 | D:11     | Found a transporter.
  8266 | D:11     | Reached XP level 10. HP: 79/90 MP: 9/9
  8658 | D:10     | Entered Level 10 of the Dungeon
  8721 | D:10     | Found a staircase to the Orcish Mines.
 10123 | D:9      | Noticed a two-headed ogre
 10141 | D:8      | Killed a two-headed ogre
 10141 | D:8      | Reached *** piety under Okawaru
 10541 | D:9      | Noticed an elephant
 10746 | D:9      | Killed an elephant
 10898 | D:9      | Found a burning altar of Makhleb.
 10960 | D:9      | Found a staircase to the Lair.
 11276 | D:10     | Reached **** piety under Okawaru
 11788 | D:10     | Reached XP level 11. HP: 97/97 MP: 10/10
 11804 | D:10     | Noticed a cyan ugly thing
 11816 | D:10     | Noticed a two-headed ogre
 11817 | D:10     | Killed a cyan ugly thing
 11827 | D:10     | Killed a two-headed ogre
 11827 | D:10     | Reached skill level 1 in Invocations
 11831 | D:10     | Noticed a wolf spider
 11849 | D:10     | Killed a wolf spider
 11860 | D:10     | Received a gift from Okawaru
 11901 | D:10     | Reached ***** piety under Okawaru
 12266 | D:11     | Noticed a green ugly thing
 12306 | D:11     | Killed a green ugly thing
 12740 | D:11     | Found Loblel's Antique Armour Shop.
 12800 | D:11     | Reached skill level 10 in Fighting
 13185 | Lair:1   | Entered Level 1 of the Lair of Beasts
 13595 | Lair:1   | Noticed Gastronok
 13610 | Lair:1   | Killed Gastronok
 13610 | Lair:1   | Received a gift from Okawaru
 13613 | Lair:1   | Got a translucent cloak {god gift}
 13637 | Lair:1   | Reached XP level 12. HP: 97/108 MP: 11/11
 13643 | Lair:1   | Identified the +2 cloak of the Midnight Sun {MR- Str+6}
                  | (Okawaru gifted it to you on level 1 of the Lair of Beasts)
 13737 | Lair:1   | Reached skill level 10 in Short Blades
 14589 | D:5      | Bought the ring "Hetis" {rPois rC+ rN+ Slay+6 Stlth+} for
                  | 662 gold pieces
 14972 | Lair:2   | Reached ****** piety under Okawaru
 15303 | Lair:2   | Noticed a seven-headed hydra
 15309 | Lair:2   | Killed a seven-headed hydra
 15309 | Lair:2   | Reached skill level 15 in Armour
 15667 | Lair:3   | Found a gate leading to a gauntlet.
 15678 | Gauntlet | Entered a Gauntlet
 15678 | Gauntlet | Found a transporter.
 15697 | Gauntlet | Found a transporter.
 15699 | Gauntlet | Found a transporter.
 15701 | Gauntlet | Found a transporter.
 15720 | Gauntlet | Found a transporter.
 15734 | Gauntlet | Found a transporter.
 15738 | Gauntlet | Found a large runed translucent door.
 15738 | Gauntlet | Found a large runed translucent door.
 15740 | Gauntlet | Found a large runed translucent door.
 15740 | Gauntlet | Found a large runed translucent door.
 15740 | Gauntlet | Found a large runed translucent door.
 15741 | Gauntlet | Found a runed translucent door.
 15742 | Gauntlet | Found a transporter.
 15743 | Gauntlet | Found a runed translucent door.
 15744 | Gauntlet | Found a large runed translucent door.
 15744 | Gauntlet | Found a large runed translucent door.
 15744 | Gauntlet | Found a large runed translucent door.
 15745 | Gauntlet | Found a large runed translucent door.
 15746 | Gauntlet | Found a large runed translucent door.
 15751 | Gauntlet | Found a large runed translucent door.
 15751 | Gauntlet | Found a large runed translucent door.
 15752 | Gauntlet | Found a large runed translucent door.
 15752 | Gauntlet | Found a large runed translucent door.
 15752 | Gauntlet | Found a large runed translucent door.
 15752 | Gauntlet | Found a large runed translucent door.
 15755 | Gauntlet | Found a runed translucent gate.
 15755 | Gauntlet | Found a runed translucent gate.
 15755 | Gauntlet | Found a runed translucent gate.
 15757 | Gauntlet | Found a transporter.
 15776 | Gauntlet | Found a transporter.
 15805 | Gauntlet | Noticed a death scarab
 15806 | Gauntlet | Found a transporter.
 15815 | Gauntlet | Noticed a death scarab
 15839 | Gauntlet | Found a transporter.
 15848 | Gauntlet | Found a transporter.
 15874 | Gauntlet | Found a transporter.
 15880 | Gauntlet | Found a transporter.
 15881 | Gauntlet | Noticed a death scarab
 15881 | Gauntlet | Noticed a death scarab
 15882 | Gauntlet | Found a transporter.
 15905 | Gauntlet | Identified the amulet "Qirreaja" {Spirit rF++ rN++ Str-5}
 15906 | Gauntlet | Found a transporter.
 15907 | Gauntlet | Noticed a death yak
 15911 | Gauntlet | Found a transporter.
 15915 | Gauntlet | Noticed a death yak
 15916 | Gauntlet | Noticed a death yak
 15917 | Gauntlet | Noticed a death yak
 15918 | Gauntlet | Noticed a death yak
 15919 | Gauntlet | Noticed a death yak
 15962 | Gauntlet | Found a transporter.
 16061 | Gauntlet | Received a gift from Okawaru
 16110 | Gauntlet | Killed a death scarab
 16110 | Gauntlet | Reached skill level 10 in Shields
 16114 | Gauntlet | Killed a death scarab
 16133 | Gauntlet | Reached XP level 13. HP: 116/118 MP: 12/12
 16153 | Gauntlet | Got a shimmering glass ring
 16155 | Gauntlet | Identified the ring of Pragmatism {+Blink rPois SInv} (You
                  | found it in a Gauntlet)
 16174 | Gauntlet | Noticed a minotaur
 16185 | Gauntlet | Killed a minotaur
 16205 | Gauntlet | Got a heavily runed kite shield
 16211 | Gauntlet | Identified the cursed +0 kite shield of Wasted Space {rPois
                  | Int+7} (You found it in a Gauntlet)
 16221 | Gauntlet | Identified the Incunabulum of Igneous Shape Shifting
 16298 | Gauntlet | Got a smoking buckler
 16304 | Gauntlet | Identified the +4 buckler of Understanding {Str+4 Int+2}
                  | (You found it in a Gauntlet)
 16588 | Lair:3   | Found a staircase to the Shoals.
 17287 | Lair:3   | Received a gift from Okawaru
 19141 | D:11     | Reached skill level 1 in Evocations
 19162 | D:11     | Killed Ikkaipock's ghost
 19781 | D:12     | Noticed Azrael
 19785 | D:12     | Reached skill level 5 in Dodging
 19804 | D:12     | Killed Azrael
 20058 | D:12     | Reached XP level 14. HP: 126/129 MP: 15/15
 20768 | D:13     | Received a gift from Okawaru
 20790 | D:13     | Found a gate to the Vaults.
 21646 | Orc:1    | Entered Level 1 of the Orcish Mines
 21699 | Orc:1    | Found a flagged portal.
 21713 | Bailey   | Entered a bailey
 21905 | Bailey   | Found an iron altar of Okawaru.
 22017 | Bailey   | Got a buzzing falchion
 22018 | Bailey   | Identified the +6 falchion of Uncomfortable Rashes {speed,
                  | *Noise +Blink rElec rF+ Stlth+} (You found it in a bailey)
 22328 | Bailey   | Acquired a +3 double sword of electrocution
 22451 | Orc:1    | Found a runed translucent gate.
 22451 | Orc:1    | Found a runed translucent gate.
 22451 | Orc:1    | Found a runed translucent gate.
 22455 | Orc:1    | Noticed lis82's ghost (adept DgAE)
 22472 | Orc:1    | Found a roughly hewn altar of Beogh.
 22633 | Orc:2    | Entered Level 2 of the Orcish Mines
 22652 | Orc:2    | Received a gift from Okawaru
 22652 | Orc:2    | Reached skill level 10 in Long Blades
 22682 | Orc:2    | Got a faintly glowing cloak {god gift}
 22693 | Orc:2    | Identified the +0 cloak of the Gastropod {Harm rElec rCorr
                  | Int-4} (Okawaru gifted it to you on level 2 of the Orcish
                  | Mines)
 22766 | Orc:2    | Noticed an orc warlord
 22800 | Orc:2    | Killed an orc warlord
 23212 | Orc:2    | Found Paegish's Antique Armour Shoppe.
 23257 | Orc:2    | Noticed an orc warlord
 23738 | Orc:2    | Found Esusisiu's Book Shoppe.
 23795 | Orc:2    | Killed an orc warlord
 24192 | Orc:2    | Found Guimiqud's Antique Weapon Shop.
 24270 | Orc:2    | Found Adup's General Store.
 24320 | Orc:2    | Reached XP level 15. HP: 139/139 MP: 16/16
 24406 | Orc:2    | Noticed MrRokkomies's ghost (journeyman GnWn)
 24436 | Orc:2    | Found a runed translucent gate.
 24437 | Orc:2    | Found a runed translucent gate.
 24438 | Orc:2    | Found a runed translucent gate.
 24438 | Orc:2    | Found a staircase to the Elven Halls.
 24502 | Orc:2    | Killed MrRokkomies's ghost
 24841 | Orc:2    | Bought a smoking plate armour for 812 gold pieces
 24853 | Orc:2    | Identified the +2 plate armour of the Butcher {Str+3} (You
                  | bought it in a shop on level 2 of the Orcish Mines)
 25483 | D:14     | You are sucked into a shaft and drop 1 floor!
 25483 | D:15     | Entered Level 15 of the Dungeon
 25527 | D:15     | Found a shadowy altar of Dithmenos.
 25709 | D:14     | Received a gift from Okawaru
 26439 | D:15     | Found a staircase to the Depths.
 26828 | D:15     | Received a gift from Okawaru
 27689 | D:15     | Reached skill level 15 in Fighting
 29501 | Lair:4   | Found a hole to the Spider Nest.
 29997 | Lair:5   | Received a gift from Okawaru
 30409 | Lair:5   | Found a staircase to the Slime Pits.
 30410 | Lair:5   | Found a viscous altar of Jiyva.
 30970 | Lair:6   | Entered Level 6 of the Lair of Beasts
 31001 | Lair:6   | Reached XP level 16. HP: 142/149 MP: 17/17
 31113 | Lair:6   | Received a gift from Okawaru
 31121 | Lair:6   | Got a jewelled cloak {god gift}
 31139 | Lair:5   | Identified the +0 cloak of Cyp Goag {+Inv rC+ Int+4}
                  | (Okawaru gifted it to you on level 6 of the Lair of Beasts)
 31522 | Lair:6   | Found a blossoming altar of Fedhas.
 32038 | Lair:6   | Reached skill level 15 in Shields
 32216 | Lair:6   | Reached skill level 15 in Long Blades
 33335 | Orc:1    | Killed lis82's ghost
 33602 | Shoals:1 | Entered Level 1 of the Shoals
 34464 | Shoals:1 | Noticed Aizul
 34470 | Shoals:1 | Killed Aizul
 35204 | Shoals:1 | Received a gift from Okawaru
 35324 | Shoals:2 | Found Quekhisa's Book Shop.
 36093 | Shoals:2 | Found Vogu Aqa's Distillery.
 36101 | Shoals:2 | Bought a potion of brilliance for 56 gold pieces
 36101 | Shoals:2 | Bought a potion of heal wounds for 70 gold pieces
 36101 | Shoals:2 | Bought a potion of heal wounds for 70 gold pieces
 36766 | Spider:1 | Entered Level 1 of the Spider Nest
 36773 | Spider:1 | Received a gift from Okawaru
 37037 | Spider:1 | Reached XP level 17. HP: 110/159 MP: 18/18
 38617 | Spider:2 | Noticed Louise
 38629 | Spider:2 | Killed Louise
 38749 | Spider:2 | Received a gift from Okawaru
 39790 | Spider:2 | Identified the +11 spear "Jailinyi" {freeze, Str+6 Int-3}
                  | (You found it on level 2 of the Spider Nest)
 39931 | Spider:2 | Noticed Nikola
 39945 | Spider:2 | Killed from afar by Nikola

Illustrated notes

Levels and vault maps discovered:
D:1:      minmay_arrival_stone_box, layout_basic, nrook_campfire,
          roderic_serpentine_path, minmay_misc_feat_four_crosses,
          serial_park_tiny_2, minmay_misc_feat_rows
D:2:      layout_basic, bloody_trog, minmay_pentomino_x2
D:3:      layout_rooms, minivault_27
D:4:      layout_basic, serial_shops, shop, palyth_stone_intersect
D:5:      layout_basic, serial_shops, kennysheep_mini, minmay_crystal_water,
          minivault_25, minmay_misc_feat_doors, uniq_edmund
D:6:      layout_cave_pods, led_sif_book
D:7:      layout_loops_ring, minmay_temple_entry_wispy, roderic_batcave,
          minivault_5
D:8:      layout_layer_cave, serial_shops, shop, minmay_holes
D:9:      layout_cave_pools, david_lair_generic, makhleb_blood_cavern_becter
D:10:     minmay_the_grid_3x3 [minmay_the_grid_garden, minmay_the_grid_slots,
          minmay_the_grid_empty, minmay_the_grid_stretched_grid,
          minmay_the_grid_mess, minmay_the_grid_rooms,
          minmay_the_grid_tiny_cups, minmay_the_grid_holed_spiral,
          minmay_the_grid_prize_trominoes], layout_grid_maze, orc_0_dummy,
          chequers_mini_garden
D:11:     layout_roguey [special_room_bee], serial_shops, shop,
          gammafunk_ghost_berserking_beasts
D:12:     layout_rooms, uniq_azrael
D:13:     layout_grid_maze, david_vaults_4
D:14:     layout_loops_ring, hangedman_glass_teeth, minivault_16
D:15:     gammafunk_depths_entry_grave, layout_long_grid,
          nicolae_dithmenos_the_darkroom
Temple:   compressed_dpeg_triangle_lava_temple
Lair:1:   layout_concentric_octagons, uniq_gastronok
Lair:2:   layout_roguey, beast_lair_carwin_7, serial_bayou_shore_b
Lair:3:   layout_regular_city, minmay_shoals_entry_lonely_mermaid,
          gauntlet_entry_generic, serial_bayou_shore_b
Lair:4:   layout_hall_layers, nicolae_spider_entry_orb_guardian,
          beast_lair_carwin_2, grunt_megastairs_1
Lair:5:   layout_cellular_growth, slime_altar_1, enter_volcano_3, ice2_lemuel
Lair:6:   evilmike_catoblepas_cave, layout_regular_city, tgw_fedhas,
          serial_bayou_shore_a
Shoals:1: layout_shoals, uniq_aizul
Shoals:2: nicolae_shoals_island_circles, layout_shoals, serial_shops,
          shop_coins, shop, nicolae_shoals_arrival_archipelago
Spider:1: layout_chambers
Spider:2: spiders_nest_a, uniq_louise, uniq_nikola
Orc:1:    layout_caves, gammafunk_ghost_necromancy, enter_bailey_2,
          david_defended_altar_orc
Orc:2:    grunt_orc_gardens, layout_diamond_mine, grunt_orc_garden,
          grunt_orc_garden, grunt_orc_garden, grunt_orc_garden,
          gammafunk_ghost_split

Skill      XL: |  1  2  3  4  5  6  7  8  9 10 11 12 13 14 15 16 17 |
---------------+----------------------------------------------------+-----
Long Blades    | 3 4 5 6 7 11 14 16 | 16.7
Fighting       | 4 5 6 8 9 10 12 13 14 15 16 17 | 17.2
Shields        | 4 5 7 10 12 13 14 15 16 | 16.5
Armour         | 4 5 6 8 10 12 14 15 16 17 | 17.8
Dodging        | 1 2 3 4 5 6 7 |  7.6
Short Blades   | 1 4 6 8 9 11 | 11.7
Stealth        | 1 2 3 |  3.0
Invocations    | 1 3 |  3.0
Evocations     | 1 |  1.4

Action                   |  1- 3 |  4- 6 |  7- 9 | 10-12 | 13-15 | 16-18 || total
-------------------------+-------+-------+-------+-------+-------+-------++-------
Melee: Long sword        |    75 |   152 |       |       |       |       ||   227
       Headbutt          |    10 |    41 |   109 |   210 |   356 |   182 ||   908
       Quarterstaff      |       |    16 |       |       |       |       ||    16
       Dagger            |       |    67 |   434 |   827 |   275 |       ||  1603
       Scimitar          |       |       |       |       |   193 |     2 ||   195
       Double sword      |       |       |       |       |   525 |   467 ||   992
       Falchion          |       |       |       |       |    36 |       ||    36
Invok: Heroism           |       |       |     1 |     8 |     4 |     1 ||    14
       Finesse           |       |       |       |       |     1 |       ||     1
Evoke: Wand              |       |       |     7 |       |     4 |       ||    11
  Use: Scroll            |       |    11 |     5 |     8 |    14 |     3 ||    41
       Potion            |       |       |     5 |     3 |       |     4 ||    12
 Stab: Sleeping          |       |       |       |       |       |     1 ||     1
Armor: Scale mail        |    50 |    79 |       |       |       |       ||   129
       Plate armour      |       |    21 |   247 |   312 |     5 |    16 ||   601
       Chain mail        |       |       |       |       |   393 |   159 ||   552
       Pearl dragon scal |       |       |       |       |       |   189 ||   189
Dodge: Dodged            |    23 |    85 |   175 |   284 |   413 |   365 ||  1345
Block: Kite shield       |    51 |    79 |       |   265 |     3 |       ||   398
       Buckler           |       |       |       |       |   584 |   400 ||   984
       Rpst.: Long sword |     4 |     6 |       |       |       |       ||    10
       Scimitar          |       |       |       |       |    13 |       ||    13
       Double sword      |       |       |       |       |    54 |    56 ||   110
       Falchion          |       |       |       |       |     2 |       ||     2

Table legend: (Time is in decaauts)
 A = Elapsed time spent in this place.
 B = Non-inter-level travel time spent in this place.
 C = Inter-level travel time spent in this place.
 D = Time resting spent in this place.
 E = Time spent auto-exploring this place.
 F = Levels seen in this place.
 G = Mean time per level.
                   A        B        C        D        E       F      G
               +--------+--------+--------+--------+--------+-----+--------+
         Total |  39120 |  36625 |   2495 |   5367 |  21928 |  30 | 1304.0 |
       Dungeon |  20618 |  19041 |   1577 |   3002 |  11292 |  15 | 1374.5 |
        Temple |     49 |     49 |      0 |      0 |      0 |   1 |   49.0 |
          Lair |   7790 |   7096 |    694 |    468 |   4840 |   6 | 1298.3 |
        Shoals |   3067 |   2994 |     73 |    333 |   2310 |   2 | 1533.5 |
   Spider Nest |   3110 |   3054 |     56 |    645 |   1799 |   2 | 1555.0 |
  Orcish Mines |   3208 |   3114 |     94 |    919 |   1343 |   2 | 1604.0 |
        Bailey |    644 |    644 |      0 |      0 |    344 |   1 |  644.0 |
      Gauntlet |    629 |    629 |      0 |      0 |      0 |   1 |  629.0 |
               +--------+--------+--------+--------+--------+-----+--------+

Top non-repeatable levels by time:
    D:10: 2275 daAuts
   Orc:2: 2146 daAuts
    D:11: 1879 daAuts
     D:8: 1869 daAuts
     D:9: 1834 daAuts
Shoals:1: 1695 daAuts
Spider:2: 1634 daAuts
  Lair:6: 1528 daAuts
Spider:1: 1476 daAuts
    D:13: 1439 daAuts
     D:6: 1439 daAuts
     D:5: 1426 daAuts
  Lair:5: 1377 daAuts
  Lair:3: 1375 daAuts
Shoals:2: 1372 daAuts
